 Dungeon Crawl Stone Soup version 0.16.0-17-g811c1d7 (webtiles) character file.

8725 McCoppin the Fighter (level 11, -3/83 HPs)
             Began as an Octopode Summoner on Mar 21, 2015.
             Was a High Priest of Okawaru.
             Killed from afar by a white imp (5 damage)
             ... with a puff of frost
             ... on level 1 of the Lair of Beasts.
             The game lasted 01:17:51 (14794 turns).

McCoppin the Fighter (Octopode Summoner)           Turns: 14794, Time: 01:17:54

Health: -3/83      AC:  2    Str: 10    XL:     11   Next: 35%
Magic:  26/26      EV: 13    Int: 18    God:    Okawaru [*****.]
Gold:   636        SH:  0    Dex: 16    Spells: 2 memorised, 10 levels left

rFire  x . .     SeeInvis .     c - +2 long sword (elec)
rCold  + . .     Clarity  .     (no shield)
rNeg   . . .     SustAb   .     (helmet restricted)
rPois  .         Gourm    .     z - amulet of faith
rElec  .         Spirit   .     o - ring of magical power
rCorr  .         Warding  .     r - +1 ring of protection
rMut   .         Stasis   .     I - +1 ring of evasion
MR     .....                    J - ring of stealth
Stlth  +++++++...               H - +3 ring of strength
                                B - ring of invisibility
                                P - ring of ice
                                (no ring)

@: hasted, very quick, not resistant to hostile enchantments, extremely stealthy
A: almost no armour, amphibious, 8 rings, constrict 8, camouflage 1, gelatinous
body 1
a: Heroism, Finesse, Renounce Religion, Evoke Invisibility


You were on level 1 of the Lair of Beasts.
You worshipped Okawaru.
Okawaru was extremely pleased with you.
You were not hungry.

You visited 3 branches of the dungeon, and saw 12 of its levels.

You collected 902 gold pieces.
You spent 266 gold pieces at shops.

Inventory:

Hand weapons
 a - a +0 short sword of protection
 b - a +0 blowgun
 c - a +2 long sword of electrocution (weapon)
 e - a +1 short sword of venom
 g - a +0 dagger of protection
 v - a +0 dagger of venom
 w - a +0 scimitar
Missiles
 k - 2 tomahawks of dispersal
 x - 16 poisoned needles
 D - 10 poisoned tomahawks
 G - 8 tomahawks of returning (quivered)
Armour
 O - the +2 shield of Cleelas {-Tele rElec rCorr}
   (Okawaru gifted it to you on level 9 of the Dungeon)

   It insulates you from electricity.
   It prevents most forms of teleportation.
   It protects you from acid and corrosion.
Jewellery
 n - an uncursed ring of fire
 o - a ring of magical power (left tentacle)
 r - a +1 ring of protection (right tentacle)
 z - an amulet of faith (around mantle)
 B - a ring of invisibility (on tentacle)
 C - an uncursed amulet of regeneration {unknown}
 H - a +3 ring of strength (on tentacle)
 I - a +1 ring of evasion (on tentacle)
 J - a ring of stealth (on tentacle)
 P - a ring of ice (on tentacle)
Magical devices
 h - a wand of digging (10)
 j - a wand of disintegration (7)
 t - a wand of digging (24)
 N - a wand of enslavement (15)
 S - a wand of enslavement (14)
Scrolls
 f - 6 scrolls of teleportation
 m - 4 scrolls of remove curse
 p - a scroll of random uselessness
 q - 2 scrolls of amnesia
 s - 2 scrolls of immolation
 Q - a scroll of enchant weapon {unknown}
 R - a scroll of blinking
Potions
 l - a potion of cancellation
 u - 5 potions of restore abilities
 L - 4 potions of brilliance
 M - a potion of mutation
Books
 y - a book of Callings

   Spells                             Type                      Level
   a - Summon Small Mammal            Summoning                    1
   b - Call Imp                       Summoning                    2
   c - Call Canine Familiar           Summoning                    3
   d - Summon Guardian Golem          Hexes/Summoning              4
   e - Summon Lightning Spire         Summoning/Air                4
   f - Summon Ice Beast               Ice/Summoning                4
 A - a book of Enchantments

   Spells                             Type                      Level
   a - Tukima's Dance                 Hexes                        3
   b - Cause Fear                     Hexes                        4
   c - Silence                        Hexes/Air                    5
   d - Deflect Missiles               Charms/Air                   6
   e - Haste                          Charms                       6
   f - Discord                        Hexes                        8
Comestibles
 d - 8 meat rations
 E - 3 bread rations
 F - 10 royal jellies
 T - a slice of pizza


   Skills:
 + Level 11.1 Fighting
 + Level 11.1 Long Blades
 - Level 2.0 Dodging
 - Level 10.2 Stealth
 - Level 2.0 Spellcasting
 - Level 4.0 Summonings


You had 10 spell levels left.
You knew the following spells:

 Your Spells              Type           Power        Failure   Level  Hunger
a - Summon Small Mammal   Summ           ###.         3%          1    #......
b - Call Canine Familiar  Summ           ###.....     12%         3    ###....


Dungeon Overview and Level Annotations

Branches:
Dungeon (10/15)            Temple (1/1) D:7            Lair (1/8) D:10
    Orc: D:9-12

Altars:
Ashenzari
Dithmenos
Gozag
Kikubaaqudgha
Makhleb
Nemelex Xobeh
Okawaru
Qazlal
Sif Muna
Trog
Xom
The Shining One

Shops:
D:8 =

Portals:
Trove: D:10 (give 19 potions of curing)
Ice
Cave: Lair:1

Annotations:
D:7 1 runed door, exclusion: 2 doors


Innate Abilities, Weirdness & Mutations

You cannot wear most types of armour.
You are amphibious.
You can wear up to eight rings at the same time.
You can use your tentacles to constrict many enemies at once.
Your skin changes colour to match your surroundings (Stealth).
Your rubbery body absorbs attacks (AC +1).


Message History

The white imp gestures at you. The puff of frost hits you! You resist.
* * * LOW HITPOINT WARNING * * *
The white imp misses you. x2
You hit the white imp! You grab the white imp.
The white imp is severely wounded.
You constrict the white imp. The white imp gestures at you.
The puff of frost hits you! You resist.
* * * LOW HITPOINT WARNING * * *
The white imp closely misses you.
Drink which item? (? for menu, Esc to quit)
It was a potion of haste.
You feel yourself speed up.
You constrict the white imp. The white imp gestures at you.
The puff of frost hits you! You resist.
* * * LOW HITPOINT WARNING * * *
The white imp gestures at you. The puff of frost hits you! You resist.
You die...

##.#......
#........ ..
##...(...# ....
#...∩....##....
#..............
#......5.......#
#...##.....#...
##.###....## .
#.@5.....##...
###5..........#
##P.<......#
##........#
###.......
....... .......
...... .....


You could see 2 white imps.

Vanquished Creatures
  Pikel (D:7)
  An oklob plant (D:9)
  Psyche (D:8)
  A troll (D:10)
  2 two-headed ogres
  3 deep elf magi
  6 yaks (D:9)
  2 hungry ghosts
  Eustachio (D:5)
  Grum (D:8)
  A steam dragon (D:8)
  2 wargs (D:10)
  2 wolves (D:8)
  Edmund (D:9)
  A water moccasin (D:8)
  3 orc warriors
  2 ice beasts
  2 sky beasts
  4 ogres
  A phantom (D:7)
  5 centaurs
  A big kobold (D:10)
  9 giant frogs
  4 scorpions
  7 wights
  3 giant frog zombies
  3 crimson imps (D:8)
  2 hounds (D:8)
  2 orc priests
  4 jellies (D:8)
  Crazy Yiuf (D:7)
  A centaur zombie (D:5)
  A centaur skeleton (D:10)
  6 iguanas
  8 worker ants
  17 orc wizards
  Ijyb (D:7)
  2 killer bee zombies
  A hound zombie (D:9)
  2 shadow imps
  A giant mite (D:9)
  7 adders
  10 white imps (Lair:1)
  2 adder zombies
  An adder skeleton (D:4)
  4 giant geckos
  7 oozes
  26 orcs
  A ball python (D:1)
  A bat zombie (D:7)
  4 giant cockroaches
  16 goblins
  14 hobgoblins
  5 jackals (D:4)
  21 kobolds
  2 quokkas
  11 bats
  2 giant gecko skeletons (D:9)
  4 giant newts
  A quokka skeleton (D:5)
  9 rats
  23 ballistomycetes (D:8)
290 creatures vanquished.

Vanquished Creatures (others)
  A slave (D:7)
  An iguana (D:7)
  A giant gecko (D:7)
  A giant spore (D:8)
  A ballistomycete (D:8)
5 creatures vanquished.

Grand Total: 295 creatures vanquished

Notes
Turn   | Place    | Note
--------------------------------------------------------------
     0 | D:1      | McCoppin, the Octopode Summoner, began the quest for the Orb.
     0 | D:1      | Reached XP level 1. HP: 11/11 MP: 3/3
   409 | D:1      | Reached XP level 2. HP: 17/17 MP: 4/4
  1042 | D:2      | Found an iron altar of Okawaru.
  1046 | D:2      | Reached skill level 5 in Stealth
  1046 | D:2      | Reached XP level 3. HP: 18/21 MP: 6/6
  1088 | D:2      | Became a worshipper of Warmaster Okawaru
  1560 | D:2      | Found an ancient bone altar of Kikubaaqudgha.
  1728 | D:3      | Found a sparkling altar of Nemelex Xobeh.
  1850 | D:3      | Reached skill level 6 in Stealth
  1850 | D:3      | Reached XP level 4. HP: 9/27 MP: 7/7
  1853 | D:3      | HP: 1/27 [orc/short sword (3)]
  2716 | D:4      | Found a burning altar of Makhleb.
  2815 | D:4      | Reached skill level 7 in Stealth
  2815 | D:4      | Reached XP level 5. HP: 31/31 MP: 9/9
  2879 | D:4      | Reached skill level 8 in Stealth
  2886 | D:4      | Acquired Okawaru's first power
  3017 | D:4      | Noticed an ogre
  3276 | D:4      | Reached XP level 6. HP: 19/36 MP: 10/10
  3300 | D:4      | Reached skill level 9 in Stealth
  3922 | D:5      | Entered Level 5 of the Dungeon
  4156 | D:5      | Noticed Eustachio
  4182 | D:5      | Reached skill level 10 in Stealth
  4202 | D:5      | Reached XP level 7. HP: 40/42 MP: 12/12
  4422 | D:5      | Reached skill level 1 in Fighting
  4422 | D:5      | Reached skill level 1 in Long Blades
  4964 | D:5      | Killed Eustachio
  5509 | D:6      | Reached XP level 8. HP: 45/52 MP: 13/13
  6492 | D:7      | Learned a level 3 spell: Call Canine Familiar
  6509 | D:7      | Noticed Pikel
  6511 | D:7      | Killed Pikel
  6511 | D:7      | Reached skill level 5 in Fighting
  6518 | D:7      | Reached XP level 9. HP: 59/62 MP: 14/14
  6534 | D:7      | Found a staircase to the Ecumenical Temple.
  6555 | D:7      | Found a shimmering altar of Xom.
  6563 | Temple   | Entered the Ecumenical Temple
  6738 | D:7      | Noticed Crazy Yiuf
  6744 | D:7      | Killed Crazy Yiuf
  7478 | D:7      | Found a runed door.
  7488 | D:7      | Noticed Ijyb
  7494 | D:7      | Killed Ijyb
  7504 | D:7      | Found a runed door.
  7994 | D:8      | Noticed Grum
  7998 | D:8      | Killed Grum
  8081 | D:8      | Found Caruca's Jewellery Emporium.
  8120 | D:8      | Acquired Okawaru's second power
  8505 | D:8      | Found a glowing golden altar of the Shining One.
  8505 | D:8      | Found a sparkling altar of Nemelex Xobeh.
  8795 | D:8      | Received a gift from Okawaru
  9122 | D:8      | Reached XP level 10. HP: 72/72 MP: 16/16
  9146 | D:8      | Gained mutation: Your magical capacity is low (-10% MP). [mutagenic meat]
  9345 | D:8      | Received a gift from Okawaru
 10016 | D:8      | Noticed Psyche
 10037 | D:8      | Killed Psyche
 10124 | D:8      | Bought a +1 ring of evasion for 39 gold pieces
 10124 | D:8      | Bought an uncursed ring of stealth for 227 gold pieces
 10199 | D:8      | Gained mutation: You tend to lose your temper in combat. [potion of mutation]
 10199 | D:8      | Gained mutation: You often lose your temper in combat. [potion of mutation]
 10199 | D:8      | Gained mutation: You have an uncontrollable temper. [potion of mutation]
 10200 | D:8      | Lost mutation: You have an uncontrollable temper. [potion of cure mutation]
 10200 | D:8      | Lost mutation: You often lose your temper in combat. [potion of cure mutation]
 10200 | D:8      | Lost mutation: You tend to lose your temper in combat. [potion of cure mutation]
 10200 | D:8      | Lost mutation: Your magical capacity is low (-10% MP). [potion of cure mutation]
 10278 | D:9      | Noticed Edmund
 10282 | D:9      | Killed Edmund
 10523 | D:9      | Noticed an oklob plant
 10539 | D:9      | Killed an oklob plant
 11175 | D:9      | Received a gift from Okawaru
 11361 | D:9      | Found a shattered altar of Ashenzari.
 11590 | D:9      | Reached skill level 10 in Fighting
 11590 | D:9      | Reached skill level 10 in Long Blades
 11996 | D:9      | Reached XP level 11. HP: 59/82 MP: 17/17
 12256 | D:9      | Received a gift from Okawaru
 12257 | D:9      | Got a smoking shield {god gift}
 12263 | D:9      | Identified the +2 shield of Cleelas {-Tele rElec rCorr} (Okawaru gifted it to you on level 9 of the Dungeon)
 12371 | D:10     | Entered Level 10 of the Dungeon
 12742 | D:10     | Found a shadowy altar of Dithmenos.
 13621 | D:10     | Reached skill level 11 in Fighting
 13919 | D:10     | Found a portal to a secret trove of treasure.
 13959 | D:10     | Found a staircase to the Lair.
 14758 | Lair:1   | Entered Level 1 of the Lair of Beasts
 14758 | Lair:1   | Found a frozen archway.
 14794 | Lair:1   | HP: 2/83 [white imp/puff of frost (4)]
 14794 | Lair:1   | Killed from afar by a white imp

Action                   |  1- 3 |  4- 6 |  7- 9 | 10-12 || total
-------------------------+-------+-------+-------+-------++-------
Melee: Dagger            |    71 |   101 |   227 |    76 ||   475
       Unarmed           |     4 |       |       |       ||     4
       Short sword       |       |       |    57 |   240 ||   297
       Long sword        |       |       |       |    61 ||    61
 Fire: Blowgun           |       |       |    21 |    34 ||    55
Throw: Tomahawk          |       |       |     1 |    14 ||    15
Invok: Heroism           |       |       |     1 |     2 ||     3
Evoke: Wand              |       |       |       |     2 ||     2
  Use: Potion            |     1 |     4 |     2 |     7 ||    14
       Scroll            |       |     3 |    11 |     4 ||    18
 Stab: Sleeping          |    11 |    13 |    24 |    30 ||    78
       Distracted        |     1 |     1 |     4 |     4 ||    10
       Invisible         |       |       |       |     2 ||     2
  Eat: Chunk             |     2 |     3 |     6 |     7 ||    18
       Pizza             |       |     1 |       |     1 ||     2
       Beef jerky        |       |     1 |       |       ||     1
       Bread ration      |       |     1 |     2 |       ||     3
       Royal jelly       |       |       |     1 |       ||     1
       Meat ration       |       |       |       |     2 ||     2
